 Dungeon Crawl Stone Soup version 0.24.0-13-gcf9b3192b9 (webtiles) character file.

Game seed: 12721550083924877219, levelgen mode: deterministic

4 OleJ the Ducker (level 1, 0/10 HPs)
             Began as a Felid Abyssal Knight on Nov 10, 2019.
             Was a Follower of Lugonu.
             Slain by a kobold
             ... wielding a cursed +0 dagger
              (5 damage)
             ... on level 1 of the Dungeon.
             The game lasted 00:00:30 (252 turns).

OleJ the Ducker (Felid Abyssal Knight)               Turns: 252, Time: 00:00:30

Health: 0/10       AC:  1    Str:  8    XL:     1   Next: 50%
Magic:  3/3        EV: 18    Int: 13    God:    Lugonu [*.....]
Gold:   34         SH:  0    Dex: 15    Spells: 0/0 levels left
                                        Lives:  0   Deaths: 0

rFire    . . .     SeeInvis +     - Unarmed
rCold    . . .     Gourm    .   (shield unavailable)
rNeg     . . .     Faith    .   (armour unavailable)
rPois    .         Spirit   .   (helmet unavailable)
rElec    .         Reflect  .   (cloak unavailable)
rCorr    .         Harm     .   (gloves unavailable)
MR       .....                  (boots unavailable)
Stlth    ++........             (no amulet)
HPRegen  0.03/turn              (no ring)
MPRegen  0.08/turn              (no ring)

@: quick
A: very small, no armour, no weapons or thrown items, stealth, claws 1, fangs 3,
see invisible, carnivore, speed 1, shaggy fur 1, slow metabolism 1, sharp paws
a: Depart the Abyss, Renounce Religion


You were on level 1 of the Dungeon.
You worshipped Lugonu.
Lugonu was aware of your devotion.
You were not hungry.

You visited 1 branch of the dungeon, and saw 1 of its levels.
You visited the Abyss 1 time.

You collected 34 gold pieces.

Inventory:

Scrolls
 b - a scroll of fear {unknown}
 d - a scroll of enchant armour {unknown}
Potions
 c - a potion of curing {unknown}
 e - a potion of might {unknown}
Comestibles
 a - a ration


   Skills:
 + Level 3.0 Fighting
 + Level 3.3 Dodging
 + Level 2.1 Unarmed Combat
 + Level 1.9 Invocations


You couldn't memorise any spells.
You didn't know any spells.
Your spell library was empty.

Dungeon Overview and Level Annotations

Branches:
Dungeon (1/15)

Altars:


Innate Abilities, Weirdness & Mutations

You cannot wear armour.
You are incapable of wielding weapons or throwing items.
Your paws allow you to move quietly. (Stealth)
You have sharp claws.
You have razor-sharp teeth.
You have supernaturally acute eyesight. (SInv)
You are carnivorous and can eat meat at any time.
You cover ground quickly.
You are covered in fur. (AC +1)
You have a slow metabolism.
Your sharp claws are effective at attacking unaware monsters.


Message History

The kobold shouts!
The kobold throws a stone.
The stone barely misses you.
The leopard gecko completely misses you.
You scratch the leopard gecko.
The leopard gecko is heavily wounded.
The leopard gecko completely misses you.
The kobold throws a stone.
The stone hits you.
You scratch the leopard gecko.
The leopard gecko is severely wounded.
The leopard gecko bites you.
You scratch the leopard gecko.
You kill the leopard gecko!
Lugonu accepts your kill.
You can now depart the Abyss.
The kobold hits you with a cursed +0 dagger.
You are too injured to fight recklessly!
You are too injured to fight recklessly!
You barely miss the kobold.
The kobold hits you with a cursed +0 dagger.
Ouch! That really hurt!
You die...

.>.............#..#
#.#.....[....
##############....#
#.#.#########
#########...#
#............
............#
###.#########
#########...## #.#


#.(.PPP.PPP PPP #.#.P...P.P.... #.P(PPP.PPP.P. #..[@...P...P. ##PPPKPPPPP?P.P
..P.....P ###PPPPP.P. ....... PP.PPP. .P... PPPPP You could see a kobold.

Vanquished Creatures
  A leopard gecko (D:1)
  A hobgoblin (D:1)
  A rat (D:1)
3 creatures vanquished.

Notes
Turn   | Place    | Note
-------+----------+-------------------------------------------
     0 | Abyss:1  | OleJ the Felid Abyssal Knight began the quest for the Orb.
     0 | Abyss:1  | Reached XP level 1. HP: 10/10 MP: 3/3
     2 | Abyss:1  | Found a corrupted altar of Lugonu.
    78 | Abyss:1  | Noticed a small abomination
    86 | Abyss:1  | Noticed a wretched star
    87 | D:1      | Escaped the Abyss
    91 | D:1      | Noticed an electric eel
    91 | D:1      | Noticed an electric eel
   250 | D:1      | Reached * piety under Lugonu
   252 | D:1      | Slain by a kobold

Levels and vault maps discovered:
D:1:      arrival_aquarium_b, layout_basic, minmay_hedge_maze

Action                   || total
-------------------------++-------
Melee: Unarmed           ||     9
Invok: Depart the Abyss  ||     1
  Eat: Chunk             ||     1
Dodge: Dodged            ||     5
